 Dungeon Crawl Stone Soup version 0.31-a0-848-gaac375c287 (webtiles) character file.

Game seed: 14438086849985516561

13830 demibob the Bludgeoner (level 11, -2/94 HPs)
             Began as a Troll Chaos Knight on Oct 4, 2023.
             Was a High Priest of Jiyva.
             Slain by a naga
             ... wielding a +0 trident
              (15 damage)
             ... on level 2 of the Lair of Beasts.
             The game lasted 00:18:23 (9725 turns).

demibob the Bludgeoner (Troll Chaos Knight)         Turns: 9725, Time: 00:18:24

Health: -2/94      AC: 10    Str: 22    XL:     11   Next: 80%
Magic:  2/2        EV: 10    Int: 11    God:    Jiyva [*****.]
Gold:   314        SH:  0    Dex: 16    Spells: 10/10 levels left

rFire   + . .        a - +6 great mace of Fedhas's Scorn {antimagic, rElec Int+3 Dex+3}
rCold   + . .        (shield currently unavailable)
rNeg    + . .        b - +2 robe
rPois   .            (helmet restricted)
rElec   +            y - +0 cloak
rCorr   +            (gloves unavailable)
SInv    .            (boots unavailable)
Will    +....        q - amulet "Telow" {rF+ Regen+}
Stlth   +            C - ring of protection from cold
HPRegen 3.39/turn    N - ring of positive energy
MPRegen 0.53/turn

%: no passive effects
@: lethally poisoned (-2 -> -2), about to teleport, enlightened, flying,
constricted
A: large, unfitting armour, claws 3, regeneration 1, shaggy fur 1, tough skin 1,
hooves 1, low MP 1, sense surroundings 3, gelatinous body 3, tendrils
a: Renounce Religion, Oozemancy, Slimify


You were on level 2 of the Lair of Beasts.
You worshipped Jiyva.
Jiyva was extremely pleased with you.
You visited 2 branches of the dungeon, and saw 12 of its levels.
You also visited: Sewer.

You collected 769 gold pieces.
You spent 455 gold pieces at shops.


Innate Abilities, Weirdness & Mutations

You are too large for most types of armour.
You have claws for hands.
Your natural rate of healing is unusually fast.
You are covered in fur. (AC +1)
You have tough skin. (AC +1)
You have large cloven feet.
Your magical capacity is low. (-10% MP)
You passively map a large area around you.
Your gelatinous body deflects attacks. (AC +3, EV +3)
You are covered in slimy tendrils that may disarm your opponents.


   Skills:
 - Level 2.4 Fighting
 + Level 17.4 Maces & Flails
 - Level 1.9 Dodging


You had 10 spell levels left.
You didn't know any spells.
Your spell library contained the following spells:

 Spells                   Type           Power      Damage    Failure   Level
 Foxfire                  Conj/Fire      0%         2x1d4     34%         1
 Ensorcelled Hibernation  Hex/Ice        0%         N/A       47%         2
 Jinxbite                 Hex            0%         N/A       47%         2
 Lesser Beckoning         Tloc           0%         N/A       47%         2
 Passwall                 Tmut/Erth      0%         N/A       47%         2
 Gell's Gravitas          Tloc           0%         N/A       71%         3
 Swiftness                Air            0%         N/A       71%         3
 Teleport Other           Tloc           0%         N/A       71%         3
 Anguish                  Hex/Necr       0%         N/A       98%         4
 Dispersal                Tloc           0%         N/A       100%        6
 Plasma Beam              Fire/Air       0%         2x1d10    100%        6
 Starburst                Conj/Fire      0%         6d3       100%        6

Inventory:

Hand Weapons
 a - the +6 great mace of Fedhas's Scorn (weapon) {antimagic, rElec Int+3 Dex+3}
   (You bought it in a shop on level 4 of the Dungeon)

   Int+3:     It affects your intelligence (+3).
   Dex+3:     It affects your dexterity (+3).
   rElec:     It insulates you from electricity.
 i - a +0 flail
 k - a +0 mace of chaos
 o - a +4 giant spiked club of chaos
Armour
 b - a +2 robe (worn)
 y - a +0 cloak (worn)
Jewellery
 q - the amulet "Telow" (around neck) {rF+ Regen+}
   (You found it on level 6 of the Dungeon)

   [amulet of regeneration]

   rF+:       It protects you from fire.
   Regen+:    It increases your rate of health regeneration.
 C - a ring of protection from cold (left claw)
 N - a ring of positive energy (right claw)
Wands
 m - a wand of paralysis (21)
 s - a wand of polymorph (7)
 x - a wand of quicksilver (12)
 B - a wand of flame (12)
 D - a wand of mindburst (4)
 E - a wand of roots (10)
Scrolls
 f - 5 scrolls of vulnerability
 p - 3 scrolls of noise
 r - a scroll of revelation
 t - a scroll of immolation
 u - a scroll of amnesia
 v - 3 scrolls of fog
 A - a scroll of poison
Potions
 c - a potion of degeneration
 d - a potion of invisibility {unknown}
 e - 2 potions of curing {@q1}
 g - 2 potions of enlightenment
 h - a potion of might
 j - a potion of magic
 l - 2 potions of attraction
 n - a potion of resistance
 w - a potion of ambrosia {unknown}
 z - a potion of brilliance {unknown}

Dungeon Overview and Level Annotations

Branches:
Dungeon (10/15)            Temple (0/1) D:5            Lair (2/5) D:9
  Snake (0/4) Lair:2        Sewer (visited)
  Swamp: Lair:2-3    Shoals: Lair:2-3       Orc: D:9-12

Altars:
Cheibriados
Elyvilon
Fedhas
Hepliaklqana
Nemelex Xobeh
Qazlal
Wu Jian
Xom
Jiyva

Shops:
D:4 *!= D:6

( * , ** ,.. ####
*# ,#.#
######..###.#.##
* ..#
#....†.NN.......
, ##.#
#..##.@#.######*
#P.#
#.#.####[#### *
.(.##### ##.###
#..#.##.# ,
.#.#.#.###..#
##........*...#
............#
#..P.###.......
...##########
##†### ..#...
##.##
*#.N.####*..$...
, ....# *
#.#.....##P.#..$
#.### *
.#.#.....P#...[..
,


You could see 2 nagas.


Message History

You kick the cane toad, but do no damage.
The cane toad is almost dead.
You feel very sick. The naga barely misses you.
You bludgeon the cane toad!!
You kill the cane toad!
You feel sick. The naga spits poison at you. The splash of poison hits you.
You are more poisoned.
* * * LOW HITPOINT WARNING * * *
You feel very buoyant.
You fly up into the air.
You feel very sick.
The naga hits you from afar with a +0 trident.
* * * LOW HITPOINT WARNING * * *
Unknown command.
You closely miss the naga. Your kick misses the naga.
You feel very sick. The naga hits you with a +0 scimitar!!
* * * LOW HITPOINT WARNING * * *
The naga grabs you. The naga constricts you.
* * * LOW HITPOINT WARNING * * *
Unknown command.
As you read the scroll of teleportation {@r2}, it crumbles to dust.
You feel strangely unstable.
You feel very sick.
The naga hits you from afar with a +0 trident!
You die...
Xom snickers!

Skill      XL: |  1  2  3  4  5  6  7  8  9 10 11 |
---------------+----------------------------------+-----
Maces & Flails | 3 4 5 6 8 9 11 13 15 17 | 17.4
Fighting       | |  2.4
Dodging        | |  1.9

Action                     |  1- 3 |  4- 6 |  7- 9 | 10-12 || total
---------------------------+-------+-------+-------+-------++-------
  Melee: Mace              |   130 |   114 |   375 |       ||   619
         Punch             |     1 |       |     5 |       ||     6
         Great mace        |       |       |    72 |   305 ||   377
         Kick              |       |       |       |    62 ||    62
  Evoke: Wand              |       |     1 |     6 |     5 ||    12
    Use: Scroll            |     3 |     2 |    15 |     2 ||    22
         Potion            |       |       |    10 |     2 ||    12
   Stab: Distracted        |     1 |       |     1 |       ||     2
         Sleeping          |     1 |     2 |       |       ||     3
         Paralysed         |       |     6 |    17 |     4 ||    27
         Petrified         |       |       |    10 |       ||    10
         Petrifying        |       |       |     2 |       ||     2
 Armour: Robe              |   116 |    81 |   376 |   278 ||   851
  Dodge: Dodged            |    85 |    65 |   243 |   166 ||   559

Levels and vault maps discovered:
D:1:      erik_arrival_cave_to_civilisation [erik_arrival_cave_to_temple],
          layout_basic, shapermc_ecumenical_altar_ellora,
          nicolae_concentric_dashed_squares_wild
D:2:      layout_rooms
D:3:      layout_basic, gup_sewer_entry_bowl, minmay_misc_feat_rows, uniq_robin
D:4:      layout_layer_cave, mainiacjoe_overflow_cross_hatched,
          elyvilon_altar_4, kb_xom_exploding_sheep, serial_shops, shop,
          nicolae_shop_overgrown_old_shop, nicolae_diamond_shop,
          corexii_corridor_pit, kennysheep_small_spiral, nrook_uturn, uniq_pikel
D:5:      layout_loops_corners, nemelex_diamond_rough_becter,
          minmay_temple_entry_poolview
D:6:      layout_gridville, serial_shops, shop,
          minmay_fractal_squares_gapless_5, uniq_jeremiah
D:7:      minmay_the_grid_square_5x5_3x3 [minmay_the_grid_square_5x5_moneybag,
          minmay_the_grid_square_5x5_minimal,
          minmay_the_grid_square_5x5_gyroscope,
          minmay_the_grid_square_5x5_shrine2,
          minmay_the_grid_square_5x5_megaprize_hollow,
          minmay_the_grid_square_5x5_inset,
          minmay_the_grid_square_5x5_broken_cross,
          minmay_the_grid_square_5x5_one_wall,
          minmay_the_grid_square_5x5_slash], layout_rooms, chei_slow_surprise
D:8:      layout_gridville, mainiacjoe_overflow_brackets,
          nicolae_overflow_hidden_temple, mainiacjoe_overflow_surrounded_room,
          minmay_between, uniq_maurice
D:9:      layout_irregular_city, due_lair_maze_entry_diamond, uniq_erica,
          uniq_joseph
D:10:     layout_gridville, erik_orc_2, minmay_diamond_spiral
Lair:1:   layout_cave_pods, infiniplex_staircase_pool_2, grunt_megastairs_4
Lair:2:   layout_loops_ring, minmay_swamp_entry_worms,
          guppyfry_snake_entry_island

Notes
Turn   | Place    | Note
-------+----------+-------------------------------------------
     0 | D:1      | demibob the Troll Chaos Knight began the quest for the Orb.
     0 | D:1      | Reached XP level 1. HP: 22/22 MP: 0/0
    30 | D:1      | Found a large runed translucent door.
    30 | D:1      | Found a large runed translucent door.
    30 | D:1      | Found a viscous altar of Jiyva.
    31 | D:1      | Noticed a jelly
    32 | D:1      | Noticed a jelly
    32 | D:1      | Noticed a jelly
    32 | D:1      | Noticed a jelly
    32 | D:1      | Noticed a jelly
    73 | D:1      | Reached skill level 3 in Maces & Flails
   104 | D:1      | Found a faded altar of an unknown god.
   185 | D:1      | XOM: silly message
   275 | D:1      | XOM: silly message
   330 | D:1      | Reached XP level 2. HP: 29/29 MP: 1/1
   675 | D:1      | XOM: god gift: 33 gold pieces
   909 | D:1      | XOM: scenery: summon butterflies
  1047 | D:2      | Reached XP level 3. HP: 36/36 MP: 2/2
  1049 | D:2      | Identified the +0 hand axe "Qociv" {flame, Fly Str+2 Int+3}
  1115 | D:2      | Reached skill level 4 in Maces & Flails
  1522 | D:3      | Noticed Robin
  1522 | D:3      | XOM: swap monsters
  1532 | D:3      | Killed Robin
  1533 | D:3      | Reached XP level 4. HP: 44/44 MP: 3/3
  1819 | D:3      | Reached skill level 5 in Maces & Flails
  1990 | D:3      | Found a glowing drain.
  1994 | Sewer    | Entered a sewer
  2010 | Sewer    | Reached XP level 5. HP: 37/50 MP: 4/4
  2078 | Sewer    | Reached skill level 6 in Maces & Flails
  2078 | Sewer    | Reached XP level 6. HP: 45/59 MP: 5/5
  2109 | Sewer    | Found a glowing silver altar of Zin.
  2680 | D:3      | XOM: god gift: 2 potions of curing
  2838 | D:4      | Noticed Pikel
  2847 | D:4      | Killed Pikel
  2848 | D:4      | Reached skill level 8 in Maces & Flails
  2848 | D:4      | Reached XP level 7. HP: 64/66 MP: 6/6
  2912 | D:4      | Found a white marble altar of Elyvilon.
  2936 | D:4      | Found Apescha's Distillery.
  2944 | D:4      | Bought a potion of might for 48 gold pieces
  2944 | D:4      | Bought a potion of resistance for 120 gold pieces
  2953 | D:4      | Found Jautif's Jewellery Shoppe.
  2974 | D:4      | Found an ornate altar of the Wu Jian Council.
  2979 | D:4      | XOM: give mutation
  2979 | D:4      | Gained mutation: You possess an exceptional clarity of
                  | mind. [Xom's mischief]
  3159 | D:4      | XOM: summons 3 hostile demons
  3244 | D:4      | Noticed a dream sheep
  3244 | D:4      | Noticed a dream sheep
  3244 | D:4      | Noticed a dream sheep
  3244 | D:4      | Noticed a dream sheep
  3244 | D:4      | Noticed a dream sheep
  3244 | D:4      | Found a shimmering altar of Xom.
  3248 | D:4      | Killed a dream sheep
  3248 | D:4      | Killed a dream sheep
  3248 | D:4      | Killed a dream sheep
  3249 | D:4      | Killed a dream sheep
  3249 | D:4      | Killed a dream sheep
  3257 | D:4      | XOM: 1-stop teleportation journey
  3274 | D:4      | XOM: god gift: pair of gloves {god gift}
  3317 | D:4      | XOM: silly message
  3725 | D:4      | Found Saomeu's Assorted Antiques.
  3924 | D:5      | Entered Level 5 of the Dungeon
  4163 | D:5      | XOM: 1-stop teleportation journey
  4165 | D:5      | XOM: scenery: 3 doors open
  4216 | D:5      | XOM: summons friendly iron imp
  4221 | D:5      | Reached skill level 9 in Maces & Flails
  4221 | D:5      | Reached XP level 8. HP: 74/74 MP: 7/7
  4390 | D:5      | XOM: stat loss: -1 Int (7/8)
  4426 | D:5      | Found a staircase to the Ecumenical Temple.
  4462 | D:5      | XOM: summons 4 hostile demons
  4562 | D:5      | XOM: 6-stop teleportation journey
  4777 | D:5      | Found a sparkling altar of Nemelex Xobeh.
  4956 | D:5      | XOM: give mutation
  4956 | D:5      | Gained mutation: You have hidden genetic defects. [Xom's
                  | mischief]
  4970 | D:6      | Found Pioshuacw's Weapon Boutique.
  5118 | D:6      | XOM: chaos upgrade
  5219 | D:6      | Reached skill level 10 in Maces & Flails
  5225 | D:6      | Gained mutation: Your spells are a little easier to cast,
                  | but a little less powerful. [hidden defects]
  5258 | D:6      | Identified the amulet "Telow" {rF+ Regen+}
  5488 | D:6      | Noticed Jeremiah
  5498 | D:6      | Killed Jeremiah
  5499 | D:6      | Reached skill level 11 in Maces & Flails
  5499 | D:6      | Reached XP level 9. HP: 80/80 MP: 8/8
  5519 | D:6      | Gained mutation: You are clumsy. (Dex -2) [hidden defects]
  5519 | D:6      | Lost mutation: You have hidden genetic defects. [hidden
                  | defects expressed]
  5824 | D:7      | XOM: cast spell 'Disjunction'
  5936 | D:7      | XOM: silly message
  5967 | D:7      | Reached skill level 12 in Maces & Flails
  6041 | D:7      | XOM: enchant monster (bad)
  6046 | D:7      | XOM: noise
  6138 | D:7      | Identified the +11 short sword "Poutegaj" {heavy, rN++}
  6156 | D:7      | Identified the +2 helmet "Livvev" {+Blink}
  6212 | D:5      | XOM: summons 1 hostile demon
  6289 | D:4      | XOM: silly message
  6309 | D:4      | Bought a polished great mace for 287 gold pieces
  6309 | D:4      | Identified the +6 great mace of Fedhas's Scorn {antimagic,
                  | rElec Int+3 Dex+3} (You bought it in a shop on level 4 of
                  | the Dungeon)
  6470 | D:1      | Fell from the grace of Xom
  6470 | D:1      | Became a worshipper of Jiyva Jiruom the Shapeless
  6609 | D:7      | Reached skill level 13 in Maces & Flails
  6823 | D:7      | XOM: polymorph jelly -> worm
  6983 | D:7      | Found a snail-covered altar of Cheibriados.
  7166 | D:8      | Reached * piety under Jiyva
  7188 | D:8      | Found a stormy altar of Qazlal.
  7193 | D:8      | Found a hazy altar of Hepliaklqana.
  7209 | D:8      | XOM: noise
  7267 | D:8      | Reached XP level 10. HP: 88/88 MP: 3/9
  7297 | D:8      | XOM: noise
  7336 | D:8      | Noticed Maurice
  7351 | D:8      | Killed Maurice
  7401 | D:8      | Found a blossoming altar of Fedhas.
  7503 | D:8      | Reached ** piety under Jiyva
  7595 | D:8      | XOM: summons 1 hostile demon
  7621 | D:8      | XOM: noise
  7713 | D:8      | Paralysed by a hornet for 1 turns
  7717 | D:8      | Reached skill level 14 in Maces & Flails
  7859 | D:9      | Noticed Erica
  7866 | D:9      | Killed Erica
  7980 | D:9      | XOM: scenery: 1 doors close
  8005 | D:9      | XOM: give mutations
  8005 | D:9      | Lost mutation: You are clumsy. (Dex -2) [Xom's mischief]
  8005 | D:9      | Gained mutation: Your magical capacity is low. (-10% MP)
                  | [Xom's mischief]
  8052 | D:9      | Reached skill level 15 in Maces & Flails
  8127 | D:9      | Found a staircase to the Lair.
  8129 | D:9      | Reached *** piety under Jiyva
  8170 | D:9      | Lost mutation: You possess an exceptional clarity of mind.
                  | [Jiyva's grace]
  8170 | D:9      | Lost mutation: Your spells are a little easier to cast, but
                  | a little less powerful. [Jiyva's grace]
  8170 | D:9      | Gained mutation: You passively map a small area around you.
                  | [Jiyva's grace]
  8170 | D:9      | Gained mutation: You passively map the area around you.
                  | [Jiyva's grace]
  8170 | D:9      | Gained mutation: You passively map a large area around you.
                  | [Jiyva's grace]
  8170 | D:9      | Gained mutation: You have large cloven feet. [Jiyva's
                  | grace]
  8218 | D:9      | Reached XP level 11. HP: 80/94 MP: 2/8
  8256 | D:9      | XOM: cloud trail
  8278 | D:9      | Noticed Joseph
  8291 | D:9      | Killed Joseph
  8596 | D:9      | Reached **** piety under Jiyva
  8689 | D:10     | XOM: noise
  8689 | D:10     | Entered Level 10 of the Dungeon
  8696 | D:10     | Noticed a death knight
  8710 | D:9      | Reached skill level 16 in Maces & Flails
  8710 | D:9      | HP: 9/94 [yak (8)]
  8784 | Lair:1   | Entered Level 1 of the Lair of Beasts
  9271 | Lair:1   | Reached skill level 17 in Maces & Flails
  9680 | Lair:2   | Reached ***** piety under Jiyva
  9693 | Lair:2   | Found a staircase to the Snake Pit.
  9695 | Lair:2   | Gained mutation: You are covered in slimy tendrils that may
                  | disarm your opponents. [Jiyva's grace]
  9695 | Lair:2   | Gained mutation: Your rubbery body absorbs attacks. (AC +1,
                  | EV +1) [Jiyva's grace]
  9695 | Lair:2   | Gained mutation: Your pliable body absorbs attacks. (AC +2,
                  | EV +2) [Jiyva's grace]
  9695 | Lair:2   | Gained mutation: Your gelatinous body deflects attacks. (AC
                  | +3, EV +3) [Jiyva's grace]
  9725 | Lair:2   | Slain by a naga

Vanquished Creatures
  Erica (D:9)
  Pikel (D:4)
  Joseph (D:9)
  Maurice (D:8)
  3 cane toads
  Jeremiah (D:6)
  3 komodo dragons (Lair:1)
  3 hornets
  4 blink frogs (Lair:1)
  A wyvern (D:10)
  21 yaks
  2 wraiths
  11 water moccasins
  5 black bears
  3 orc warriors
  4 sky beasts
  2 ogres
  3 ice beasts
  A centaur (D:9)
  A lemure (D:4)
  A kobold brigand (D:9)
  10 bullfrogs
  A gnoll sergeant (D:6)
  3 scorpions
  10 wights
  A killer bee (D:8)
  4 howler monkeys
  6 jellies
  A hound (D:6)
  3 orc priests
  2 gnoll boudas (D:7)
  A sleepcap (D:7)
  An iguana (D:7)
  6 orc wizards
  Robin (D:3)
  7 gnolls
  7 adders
  2 river rats (Sewer)
  3 shadow imps
  2 white imps
  An ufetubus (D:4)
  A dart slug (D:2)
  20 orcs
  6 ball pythons
  5 bats
  13 endoplasms
  6 giant cockroaches
  17 goblins
  16 hobgoblins
  15 kobolds
  3 quokkas
  5 frilled lizards
  12 rats
264 creatures vanquished.

Vanquished Creatures (collateral kills)
  2 ogres (D:6)
  2 kobold brigands (Sewer)
  A jelly (D:6)
  An adder (D:6)
  5 kobolds (Sewer)
11 creatures vanquished.

Vanquished Creatures (others)
  5 dream sheep (D:4)
  A blink frog (Lair:1)
  2 bullfrogs (Lair:1)
  11 jellies
  An iron imp (D:7)
  An orc wizard (D:9)
  3 orcs (D:9)
  A hobgoblin zombie (D:4)
25 creatures vanquished.

Grand Total: 300 creatures vanquished

Table legend: (Time is in decaauts)
 A = Elapsed time spent in this place.
 B = Non-inter-level travel time spent in this place.
 C = Inter-level travel time spent in this place.
 D = Time resting spent in this place.
 E = Time spent auto-exploring this place.
 F = Levels seen in this place.
 G = Mean time per level.
                   A        B        C        D        E       F      G
               +--------+--------+--------+--------+--------+-----+--------+
         Total |   9689 |   8929 |    760 |    274 |   6733 |  13 |  745.3 |
       Dungeon |   8605 |   7895 |    710 |    274 |   5928 |  10 |  860.5 |
          Lair |    924 |    875 |     49 |      0 |    685 |   2 |  462.0 |
         Sewer |    159 |    159 |      0 |      0 |    120 |   1 |  159.0 |
               +--------+--------+--------+--------+--------+-----+--------+

Top non-repeatable levels by time:
     D:4: 1312 daAuts
     D:5: 1167 daAuts
     D:1: 1162 daAuts
     D:3: 1091 daAuts
     D:6: 950 daAuts
     D:9: 919 daAuts
  Lair:1: 837 daAuts
     D:7: 753 daAuts
     D:8: 737 daAuts
     D:2: 498 daAuts
   Sewer: 159 daAuts
  Lair:2: 87 daAuts
    D:10: 12 daAuts

Table legend:
 A = Non-vault XP
 B = Vault XP
 C = Vault XP percentage of total XP
 D = Non-vault monster count
 E = Vault monster count
 F = Vault count percentage of total count
                 A         B        C        D         E       F
            +---------+---------+-------+---------+---------+-------
      Total |   13393 |    6365 |  32.2 |     189 |      85 |  31.0
            +---------+---------+-------+---------+---------+-------
        D:1 |      37 |     230 |  86.1 |      21 |      19 |  47.5
        D:2 |      49 |       0 |   0.0 |      22 |       0 |   0.0
        D:3 |      42 |      44 |  51.2 |      11 |      17 |  60.7
        D:4 |     120 |     663 |  84.7 |      11 |       1 |   8.3
        D:5 |     627 |       0 |   0.0 |      13 |       0 |   0.0
        D:6 |     668 |     570 |  46.0 |      17 |       4 |  19.0
        D:7 |    1267 |     817 |  39.2 |      28 |      11 |  28.2
        D:8 |     836 |     884 |  51.4 |       9 |       5 |  35.7
        D:9 |    2944 |    2767 |  48.5 |      27 |      13 |  32.5
       D:10 |     423 |       0 |   0.0 |       2 |       0 |   0.0
     Lair:1 |    5504 |     153 |   2.7 |      25 |       1 |   3.8
     Lair:2 |     876 |       0 |   0.0 |       3 |       0 |   0.0
      Sewer |       0 |     237 | 100.0 |       0 |      14 | 100.0
            +---------+---------+-------+---------+---------+-------
